Map: Oxide LE

Players

Vindicta

  • Race: Terran Terran
  • League: Master
  • Spawn Location: 7:00

Nina - Winner!

  • Race: Protoss Protoss
  • League: Grandmaster
  • Spawn Location: 1:00

Event: DreamHack SC2 Masters 2020 Winter

VOD

Have the link to the VOD?

Description

Time

  • Played on: Oct. 29, 2020, 4:36 p.m.
  • Length: 11:02

All games in this series

Show
View Real Time Build Order
Export as new Build Order

Vindicta Terran 

Build Orders: Reaper Expand 

Get SALT Encoding   

  12  0:00  SCV  
  13  0:12  SCV  
  14  0:17  Supply Depot  
  14  0:24  SCV  
  15  0:38  SCV  
  15  0:39  Barracks  
  16  0:43  Refinery  
  16  0:51  SCV  
  17  1:03  SCV  
  18  1:15  SCV  
  19  1:27  Orbital Command  
  19  1:28  Reaper  
  20  1:47  Command Center  
  20  1:53  SCV  
  21  2:00  Supply Depot  
  21  2:01  Marine  
  22  2:05  SCV  
  23  2:16  Factory  
  23  2:19  Bunker  
  23  2:22  Barracks Reactor  
  23  2:24  SCV  
  24  2:30  Refinery  
  24  2:36  SCV  
  25  2:48  SCV  
  25  3:00  SCV  
  25  3:05  Orbital Command  
  26  3:08  Factory Tech Lab  
  26  3:10  Starport  
  26  3:12  SCV, Marine x2  
  29  3:24  SCV  
  29  3:26  Cyclone  
  33  3:30  Marine x2  
  33  3:32  SCV  
  36  3:37  SCV  
  37  3:44  Supply Depot  
  37  3:48  Viking, Marine x2  
  38  3:54  SCV  
  43  4:02  Supply Depot  
  42  4:03  Siege Tank  
  42  4:04  SCV  
  42  4:06  SCV  
  42  4:09  Marine x2  
  49  4:16  Barracks  
  50  4:17  SCV  
  50  4:19  SCV  
  50  4:24  Viking  
  53  4:29  Marine x2  
  54  4:31  SCV  
  54  4:33  Supply Depot  
  54  4:35  SCV  
  56  4:40  Siege Tank  
  56  4:44  SCV  
  60  4:45  Barracks  
  60  4:49  SCV  
  61  4:53  Marine  
  61  4:56  SCV, Starport Tech Lab  
  61  4:57  Supply Depot  
  63  5:01  SCV  
  64  5:07  Refinery  
  64  5:08  Engineering Bay  
  64  5:10  SCV  
  64  5:13  SCV  
  66  5:19  Supply Depot  
  66  5:20  Refinery  
  66  5:21  Factory Tech Lab  
  66  5:22  SCV  
  66  5:23  Starport Reactor, Stimpack  
  66  5:24  Marine  
  66  5:25  SCV  
  69  5:34  SCV  
  70  5:37  SCV  
  70  5:41  Marine  
  72  5:46  SCV  
  72  5:47  Siege Tank  
  72  5:48  Terran Infantry Weapons Level 1  
  72  5:49  SCV, Marine  
  78  5:56  Combat Shield  
  77  5:57  Marauder  
  77  5:58  Command Center  
  77  6:01  Marauder  
  79  6:06  Marine  
  79  6:10  Medivac, Supply Depot  
  79  6:11  Supply Depot  
  82  6:19  Medivac  
  82  6:21  Marauder  
  86  6:32  Marine x2, Siege Tank  
  91  6:34  Supply Depot  
  91  6:35  Supply Depot  
  91  6:37  Marine  
  92  6:42  Marauder  
  92  6:43  Barracks  
  92  6:45  SCV  
  92  6:46  Barracks  
  95  6:50  Marauder  
  95  6:51  Medivac  
  99  6:54  Medivac  
  101  7:04  SCV, Marauder  
  104  7:11  Concussive Shells  
  104  7:13  SCV x2  
  106  7:17  Supply Depot x2  
  106  7:21  Medivac  
  108  7:23  Marauder  
  108  7:24  Marine  
  108  7:25  Marauder  
  108  7:27  Orbital Command  
  113  7:32  Barracks Reactor, Siege Tank  
  113  7:35  Barracks Tech Lab  
  116  7:45  SCV  
  116  7:47  Ghost Academy  
  116  7:50  Marauder, Marine  
  116  7:51  SCV  
  116  8:02  Orbital Command, Marine  
  116  8:04  Marine  
  116  8:05  Marauder  
  100  8:07  Siege Tank  
  100  8:10  SCV  
  104  8:12  Marauder  
  104  8:15  Marine  
  105  8:20  Viking  
  105  8:21  SCV  
  105  8:23  SCV  
  109  8:30  SCV  
  109  8:32  Missile Turret  
  109  8:33  SCV, Missile Turret  
  111  8:36  SCV  
  111  8:39  Marine x2, Siege Tank  
  119  8:43  Terran Infantry Armor Level 1  
  119  8:44  Marine  
  119  8:45  SCV, Supply Depot  
  122  8:50  SCV  
  122  8:51  Refinery  
  122  8:55  Sensor Tower  
  122  8:58  SCV x2  
  122  9:01  Liberator x2  
  122  9:02  Refinery  
  127  9:10  Marauder, Marine  
  127  9:12  SCV x2  
  127  9:16  Enhanced Shockwaves  
  123  9:18  Marine x3  
  126  9:25  Missile Turret  
  126  9:26  Missile Turret, Siege Tank  
  126  9:27  Missile Turret, Marine x2  
  126  9:29  Marine  
  126  9:30  Supply Depot  
  132  9:34  Marine  
  132  9:38  Bunker  
  132  9:43  SCV x2  
  132  9:44  Viking  
  132  9:45  Bunker, Liberator  
  136  9:47  Marine  
  136  9:48  Marauder  
  136  9:52  Marine  
  135  9:53  Marauder  
  135  9:56  Marine x2  
  135  9:58  Ghost  
  128  10:08  Ghost, Marine  
  128  10:10  Marine  
  128  10:14  Medivac, Marauder  
  113  10:17  Marine x2  
  113  10:19  SCV  
  97  10:26  Marine  
  97  10:27  Marauder  
  66  10:29  Medivac  
  66  10:30  Marine  
  66  10:35  Marine x2  
  65  10:38  Marauder  
Show
View Real Time Build Order
Export as new Build Order

Nina Protoss - Winner!

Build Orders: 1 Gate Expand, Zealot Archon, Colossus Rush 

Get SALT Encoding   

  12  0:00  Probe  
  13  0:12  Probe  
  14  0:19  Pylon  
  14  0:24  Probe  
  15  0:37  Probe (Chrono Boost), Gateway  
  16  0:47  Assimilator  
  16  0:48  Probe (Chrono Boost)  
  17  0:52  Probe (Chrono Boost)  
  18  1:03  Probe  
  19  1:15  Probe  
  20  1:26  Nexus  
  20  1:32  Cybernetics Core  
  20  1:39  Zealot  
  22  1:42  Probe  
  23  1:51  Assimilator  
  23  1:54  Pylon  
  23  2:10  Adept (Chrono Boost)  
  23  2:12  Probe  
  26  2:24  Probe  
  26  2:25  Robotics Facility  
  26  2:26  Warp Gate  
  27  2:33  Stalker (Chrono Boost)  
  27  2:36  Probe  
  30  2:38  Probe  
  31  2:51  Probe x2  
  33  3:03  Stalker  
  35  3:06  Probe  
  37  3:12  Probe  
  37  3:16  Robotics Bay  
  37  3:18  Warp Prism (Chrono Boost)  
  37  3:23  Probe  
  40  3:27  Probe  
  41  3:34  Pylon  
  41  3:39  Probe  
  41  3:40  Probe  
  43  3:44  Pylon  
  43  3:51  Probe, Observer (Chrono Boost)  
  43  3:52  Probe  
  46  3:58  Gateway  
  46  4:03  Probe  
  46  4:04  Probe  
  46  4:08  Colossus  
  54  4:17  Assimilator  
  53  4:25  Probe, Gravitic Drive (Chrono Boost)  
  53  4:26  Probe  
  55  4:32  Assimilator  
  55  4:37  Probe, Stalker, Pylon  
  58  4:39  Probe  
  58  4:43  Pylon  
  59  4:50  Probe (Chrono Boost)  
  59  4:51  Probe (Chrono Boost)  
  61  4:57  Forge  
  61  5:03  Probe (Chrono Boost)  
  61  5:05  Twilight Council, Stalker  
  61  5:06  Observer  
  66  5:07  Probe (Chrono Boost)  
  66  5:11  Probe (Chrono Boost)  
  67  5:20  Probe  
  68  5:33  Nexus  
  68  5:36  Pylon  
  68  5:38  Colossus (Chrono Boost)  
  74  5:48  Charge  
  66  5:50  Probe  
  66  5:55  Protoss Ground Armor Level 1 (Chrono Boost)  
  67  5:59  Probe  
  67  6:01  Pylon  
  68  6:06  Gateway  
  68  6:09  Sentry x2  
  68  6:11  Gateway  
  72  6:13  Gateway  
  72  6:16  Gateway  
  72  6:18  Observer  
  72  6:19  Probe  
  72  6:24  Gateway  
  73  6:28  Gateway  
  73  6:32  Immortal (Chrono Boost)  
  77  6:34  Probe  
  77  6:36  Probe  
  79  6:43  Zealot  
  79  6:44  Zealot  
  79  6:46  Probe  
  84  6:49  Probe x2  
  86  6:58  Probe, Templar Archives  
  86  7:01  Probe  
  88  7:04  Zealot x2  
  88  7:07  Probe  
  92  7:09  Pylon  
  92  7:10  Warp Prism  
  94  7:17  Zealot x2  
  94  7:19  Probe  
  94  7:22  Shield Battery  
  99  7:24  Zealot  
  99  7:29  Zealot x2  
  105  7:33  Zealot  
  105  7:34  Zealot  
  109  7:39  High Templar  
  109  7:40  Zealot, High Templar  
  109  7:42  Pylon  
  109  7:44  Archon  
  111  7:55  Stalker x3  
  111  8:00  Probe  
  111  8:03  Probe  
  111  8:04  Probe  
  91  8:13  Probe  
  91  8:15  Probe, Stalker x3  
  98  8:22  Probe  
  98  8:26  Probe  
  100  8:27  Probe  
  100  8:30  Blink  
  101  8:34  Probe  
  101  8:38  Probe  
  101  8:39  Probe, Zealot x2  
  108  8:46  Probe  
  109  8:48  Assimilator  
  109  8:50  Forge  
  109  8:52  Observer  
  110  9:02  Zealot x4  
  116  9:05  Probe  
  116  9:06  Probe  
  115  9:11  Probe  
  115  9:13  Zealot x2  
  120  9:22  Pylon  
  120  9:24  Pylon  
  120  9:25  Pylon  
  120  9:27  High Templar  
  120  9:28  High Templar  
  124  9:31  Pylon  
  124  9:32  Archon  
  123  9:41  Zealot x5  
  132  9:53  Zealot  
  132  9:56  Zealot x4  
  142  10:07  Zealot x4  
  116  10:17  Zealot x4  
  96  10:28  Zealot x4  
  96  10:35  Probe  
  97  10:38  Assimilator  
Tags
 
Add a new tag
Caveats
  • Supply blocks, unpowered buildings, or Contaminate may cause inaccurate times.
  • Supply counts are checked every 10 seconds.